 Dungeon Crawl Stone Soup version 0.30.0 (webtiles) character file.

Game seed: 8963203077730968620

1035 arghonaut the Trooper (level 8, 0/61 HPs)
             Began as a Djinni Conjurer on May 20, 2023.
             Was an Initiate of Ashenzari.
             Shot with an arrow by a centaur (5 damage)
             ... on level 6 of the Dungeon.
             The game lasted 00:11:44 (4046 turns).

arghonaut the Trooper (Djinni Conjurer)             Turns: 4046, Time: 00:11:45

Health: 0/61       AC:  5    Str: 12    XL:     8   Next: 48%
Gold:   64         EV: 12    Int: 22    God:    Ashenzari [......] SH:  0 Dex: 12

rFire   + + .        A - +2 dagger (venom)
rCold   x . .        (no shield)
rNeg    . . .        a - +0 robe
rPois   ∞            s - +2 helmet
rElec   .            (no cloak)
rCorr   .            (no gloves)
SInv    .            (boots unavailable)
Will    .....        p - amulet of regeneration
Stlth   ++           t - ring of wizardry
HPRegen 1.10/turn    w - +6 ring of strength
MPRegen 0.00/turn

%: wizardry (x1), infuse magic (-1 HP)
@: about to teleport, flying
A: sickness immunity, fire resistance 2, cold vulnerability 1, float, innate
caster, HP casting, extra vitality 1
a: Renounce Religion


You were on level 6 of the Dungeon.
You worshipped Ashenzari.
Ashenzari was noncommittal.
You visited 2 branches of the dungeon, and saw 7 of its levels.

You collected 249 gold pieces.
You spent 185 gold pieces at shops.

Inventory:

Hand Weapons
 c - a +0 short sword
 e - a +1 dagger of speed
 z - a +0 falchion
 A - a +2 dagger of venom (weapon)
 B - a +0 falchion of holy wrath
Armour
 a - a +0 robe (worn)
 s - a +2 helmet (worn)
Jewellery
 p - an amulet of regeneration (around neck)
 t - a ring of wizardry (left hand)
 w - a +6 ring of strength (right hand)
Scrolls
 d - 3 scrolls of identify {unknown}
 f - 5 scrolls of teleportation
 h - 3 scrolls of fog
 i - 2 scrolls of amnesia {unknown}
 m - a scroll of summoning {unknown}
 n - 2 scrolls of silence {unknown}
 o - a scroll of enchant armour {unknown}
 r - 2 scrolls of fear
 u - 2 scrolls of vulnerability {unknown}
 v - a scroll of poison {unknown}
 y - 2 scrolls of magic mapping
Potions
 b - 2 potions of heal wounds {unknown}
 g - 2 potions of curing
 j - a potion of mutation {unknown}
 k - 2 potions of cancellation {unknown}
 l - a potion of resistance {unknown}
 q - a potion of attraction {unknown}
 x - a potion of might {unknown}


   Skills:
 + Level 6.3 Fighting
 - Level 2.1 Dodging
 - Level 1.5 Stealth
 - Level 6.1 Spellcasting


You knew the following spells:

 Your Spells              Type           Power      Damage    Failure   Level
a - Magic Dart            Conj           100%       1d8       1%          1
b - Searing Ray           Conj           66%        2d6       1%          2
c - Dazzling Flash        Conj/Hex       66%        N/A       1%          3
d - Fulminant Prism       Conj/Hex       16%        3d11      2%          4
e - Iskenderun's Mystic   Conj/Tloc      33%        2d8       2%          4
f - Kiss of Death         Conj/Necr      100%       2d13      1%          1
g - Call Imp              Summ           66%        N/A       1%          2
h - Ensorcelled Hibernat  Hex/Ice        66%        N/A       1%          2
Your spell library was empty.

Dungeon Overview and Level Annotations

Branches:
Dungeon (6/15)             Temple (1/1) D:5

Altars:
Ashenzari
Cheibriados
Dithmenos
Fedhas
Gozag
Hepliaklqana
Nemelex Xobeh
Okawaru
Qazlal
Ru
Trog
Uskayaw
Wu Jian
Xom
Yredelemnul
Zin
The Shining One

Shops:
D:2 ?   D:3 [?

Annotations:
D:6 Menkaure


Innate Abilities, Weirdness & Mutations

You are immune to sickness and miasma.
You are immune to poison.
Your flesh is very heat resistant. (rF++)
You are vulnerable to cold. (rC-)
You float through the air rather than walking.
You learn spells naturally, not from books.
Your magical power is your life essence.
You have superior vitality. (+4 MHP)


Message History

HP restored.
You now have 64 gold pieces (gained 13).
Found a stone staircase leading up.
There is a stone staircase leading up here.
A centaur comes into view.
A centaur comes into view.
The centaur shouts!
The centaur wields a +0 shortbow.
The centaur shoots an arrow.
The arrow hits you!
The centaur shoots an arrow.
The arrow closely misses you.
The centaur shouts!
The centaur shoots an arrow.
The arrow barely misses you.
The centaur shoots an arrow.
The arrow hits you!
A sleepcap comes into view.
The centaur wields a +0 shortbow.
The centaur shoots an arrow.
The arrow closely misses you.
The centaur shoots an arrow.
The arrow misses you.
Menkaure and an orc priest come into view.
The orc priest shouts!
An orc priest comes into view. It is wielding a +0 club.
The centaur shoots an arrow.
The arrow barely misses you.
The centaur shoots an arrow.
The arrow hits you!
The centaur shoots an arrow.
The arrow hits you!
The centaur shoots an arrow.
The arrow misses you.
The centaur shoots an arrow.
The arrow hits you!
The centaur shoots an arrow.
The arrow misses you.
The centaur shoots an arrow.
The arrow hits you!
* * * LOW HITPOINT WARNING * * *
The orc priest begins to cast a cantrip, but forgets the words!
Okay, then.
As you read the scroll of fog, it crumbles to dust.
The scroll dissolves into smoke.
The centaur shoots an arrow.
The arrow hits you but does no damage.
As you read the scroll of teleportation, it crumbles to dust.
You feel strangely unstable.
The orc priest looks braver for a moment.
It was a potion of curing.
You feel better.
The centaur shoots an arrow.
The arrow hits you!
* * * LOW HITPOINT WARNING * * *
The centaur shoots an arrow.
The arrow hits you.
You die...

#.## #.<# ##.# .
#.# .. #.# ..
#.######. ##.
#§§§≈~≈≈≈ .#...
#§§§~≈≈~~
o.....#####@§§≈≈~≈≈
.....o...§§§§c≈~≈≈~
.......####§§§≈c≈~≈
.....#. ##§~≈~≈..
.... #. ≈c≈~≈.. #.#
#. ≈~≈≈~.. # ..
≈≈~≈≈≈≈ ## ~≈≈~~~~
≈≈≈≈


You could see a centaur.

Vanquished Creatures
  An ice beast (D:5)
  A sky beast (D:4)
  A black bear (D:5)
  2 ogres
  2 scorpions
  2 hounds (D:4)
  2 jellies (D:4)
  A sleepcap (D:5)
  2 orc wizards (D:5)
  9 gnolls
  9 adders
  2 shadow imps (D:5)
  An ufetubus (D:5)
  3 worms
  A dart slug (D:2)
  10 orcs
  9 endoplasms
  7 giant cockroaches
  4 goblins
  4 hobgoblins
  2 jackals (D:1)
  7 kobolds
  3 quokkas
  5 ball pythons
  7 bats
  3 frilled lizards
  4 rats
104 creatures vanquished.

Notes
Turn   | Place    | Note
-------+----------+-------------------------------------------
     0 | D:1      | arghonaut the Djinni Conjurer began the quest for the Orb.
     0 | D:1      | arghonaut set off with the following spells memorised:
                  | Magic Dart, Searing Ray, Dazzling Flash, Fulminant Prism,
                  | Iskenderun's Mystic Blast.
     0 | D:1      | Reached XP level 1. HP: 15/15 MP: 0/0
    88 | D:1      | Reached XP level 2. HP: 14/21 MP: 0/0
   229 | D:1      | Reached XP level 3. HP: 24/25 MP: 0/0
   229 | D:1      | Learned a level 1 spell: Kiss of Death
   641 | D:2      | Reached XP level 4. HP: 31/31 MP: 0/0
   783 | D:2      | Reached XP level 5. HP: 31/35 MP: 0/0
   783 | D:2      | Learned a level 2 spell: Call Imp
   806 | D:2      | Found Astrihowk's Magic Scroll Boutique.
  1343 | D:2      | Bought a scroll of teleportation for 30 gold pieces
  1476 | D:3      | Reached skill level 5 in Spellcasting
  1634 | D:3      | Reached XP level 6. HP: 32/40 MP: 0/0
  1680 | D:3      | Found Cojung's Armour Shop.
  1712 | D:3      | Found Karukh's Magic Scroll Boutique.
  2369 | D:3      | Bought a scroll of fear for 40 gold pieces
  2369 | D:3      | Bought a scroll of fog for 40 gold pieces
  2396 | D:4      | Noticed an ogre
  2399 | D:4      | Noticed a sky beast
  2406 | D:4      | Killed an ogre
  2417 | D:4      | Killed a sky beast
  2418 | D:4      | Reached XP level 7. HP: 32/45 MP: 0/0
  2418 | D:4      | Learned a level 2 spell: Ensorcelled Hibernation
  2497 | D:4      | Reached skill level 1 in Fighting
  3122 | D:5      | Entered Level 5 of the Dungeon
  3175 | D:2      | Bought a scroll of magic mapping for 75 gold pieces
  3448 | D:5      | Reached XP level 8. HP: 35/58 MP: 0/0
  3510 | D:5      | Found a staircase to the Ecumenical Temple.
  3516 | Temple   | Entered the Ecumenical Temple
  3526 | Temple   | Became a worshipper of Ashenzari the Shackled
  3632 | D:5      | Reached skill level 5 in Fighting
  3795 | D:5      | Identified the +0 leather armour of Kewneczi {rPois}
  3896 | D:5      | Found a basalt altar of Yredelemnul.
  3896 | D:5      | Found an opulent altar of Gozag.
  4039 | D:6      | Noticed Menkaure
  4046 | D:6      | Shot with an arrow by a centaur

Illustrated notes

Levels and vault maps discovered:
D:1:      wander_arrival_peaceful_grave, layout_basic
D:2:      layout_loops_ring, serial_shops, shop
D:3:      minmay_recursive_quarters, layout_loops_cross, serial_shops,
          nicolae_diamond_shop, shop, minivault_5, hangedman_decor_push
D:4:      layout_basic
D:5:      layout_loops_cross, gammafunk_temple_overflow_elements, temple_green
D:6:      nicolae_whirlpool, layout_loops_cross, elyvilon_altar_1,
          makhleb_heckhound_becter, serial_shops, shop, shop, kennysheep_mini,
          uniq_maggie, uniq_menkaure, uniq_crazy_yiuf_cottage
Temple:   sentei_temple_godly_chess

Skill      XL: |  1  2  3  4  5  6  7  8 |
---------------+-------------------------+-----
Spellcasting   | 4 5 6 |  6.1
Fighting       | 4 6 |  6.3
Dodging        | |  2.1
Stealth        | |  1.5

Action                     |  1- 3 |  4- 6 |  7- 9 || total
---------------------------+-------+-------+-------++-------
  Melee: Dagger            |     4 |       |     2 ||     6
   Cast: Magic Dart        |    59 |    60 |    38 ||   157
         Searing Ray       |       |    17 |    22 ||    39
    Use: Scroll            |       |       |     2 ||     2
         Potion            |       |       |     1 ||     1
   Stab: Sleeping          |       |       |     1 ||     1
 Armour: Robe              |     1 |     3 |     5 ||     9
  Dodge: Dodged            |     6 |     9 |    22 ||    37
